 Dungeon Sprint DCSS version 0.19.0-19-g8c6edcc (webtiles) character file.

26057 poirepourri the Ninja (level 12, -43/58 HPs)
             Began as a Spriggan Enchanter on Nov 12, 2016.
             Was the Champion of Dithmenos.
             Annihilated by Tiamat
             ... wielding a +1 demon trident of venom
              (52 damage)
             ... in the Dungeon (Sprint I: "Red Sonja").
             The game lasted 00:11:30 (4052 turns).

poirepourri the Ninja (Spriggan Enchanter)          Turns: 4052, Time: 00:11:31

Health: -43/58     AC:  5    Str:  4    XL:     12   Next: 95%
Magic:  11/33      EV: 29    Int: 20    God:    Dithmenos [******]
Gold:   1867       SH:  0    Dex: 20    Spells: 5 memorised, 31 levels left

rFire  + . .     SeeInvis +     a - +4 short sword (drain)
rCold  . . .     Gourm    .     p - +0 robe of the Moon {+Inv rPois rF+ Int+2}
rNeg   . . .     Faith    .     (shield restricted)
rPois  +         Spirit   .     (helmet restricted)
rElec  .         Reflect  .     v - +2 cloak {rPois}
rCorr  +         Harm     .     (gloves unavailable)
MR     ++...     NoTele   +     (boots unavailable)
Stlth  ++++++++++               (no amulet)
                                q - ring of flight
                                r - ring of resist corrosion

@: flying, wreathed by umbra, very quick
A: unfitting armour, see invisible, herbivore 3, speed 3, slow metabolism 2
a: Shadow Step, Shadow Form, Renounce Religion, Evoke Invisibility, Stop Flying


You were in the Dungeon.
You worshipped Dithmenos.
Dithmenos was exalted by your worship.
You were not hungry.

You visited 1 branch You collected 3509 gold pieces.
You spent 1642 gold pieces at shops.

Inventory:

Hand Weapons
 a - a +4 short sword of draining (weapon)
 b - a +0 blowgun
 n - the +11 morningstar of Slow Death {crush, rElec Str+3}
   (You found it in the Dungeon)

   It inflicts extra damage upon your enemies.
   It affects your strength (+3).
   It insulates you from electricity.
 x - a +1 rapier of electrocution
Missiles
 m - 9 curare-tipped needles
 o - 2 needles of sleeping
 y - 8 tomahawks (quivered)
Armour
 p - the +0 robe of the Moon (worn) {+Inv rPois rF+ Int+2}
   (You found it in the Dungeon)

   It affects your intelligence (+2).
   It protects you from fire.
   It protects you from poison.
   It lets you turn invisible.
 v - a +2 cloak of poison resistance (worn)
 w - a +0 robe of magic resistance
Magical Staves
 C - an uncursed staff of conjuration
Jewellery
 l - an uncursed ring of resist corrosion
 q - a ring of flight (right hand)
 r - a ring of resist corrosion (left hand)
Wands
 i - a wand of digging (4/24)
Scrolls
 j - 2 scrolls of blinking
 t - a scroll of identify
 u - a scroll of remove curse
 B - a scroll of enchant weapon {unknown}
Potions
 e - 3 potions of curing
 f - a potion of heal wounds
 g - a potion of haste
 h - 2 potions of magic
 s - a potion of resistance
 z - a potion of invisibility
 A - a potion of cancellation
Books
 c - a book of Maledictions

   Spells                             Type                      Level
   a - Corona                         Hexes                        1
   b - Ensorcelled Hibernation        Hexes/Ice                    2
   c - Confuse                        Hexes                        3
   d - Tukima's Dance                 Hexes                        3
   e - Dazzling Spray                 Conjuration/Hexes            3
Comestibles
 d - a bread ration
 k - 2 slices of pizza


   Skills:
 - Level 4.1 Fighting
 + Level 12.3 Short Blades
 + Level 11.9 Dodging
 O Level 27 Stealth
 + Level 16.3 Spellcasting
 + Level 4.2 Conjurations
 + Level 18.7 Hexes
 - Level 4.1 Ice Magic
 + Level 7.2 Invocations


You had 31 spell levels left.
You knew the following spells:

 Your Spells              Type           Power        Failure   Level  Hunger
a - Corona                Hex            ######.      0%          1    None
b - Ensorcelled Hibernat  Hex/Ice        ######       1%          2    None
c - Confuse               Hex            ######..     0%          3    None
d - Tukima's Dance        Hex            ######..     0%          3    None
e - Dazzling Spray        Conj/Hex       ######       1%          3    None


Dungeon Overview and Level Annotations

Branches:
Dungeon (1/1)

Altars:
Cheibriados
Dithmenos
Elyvilon
Fedhas
Gozag
Hepliaklqana
Kikubaaqudgha
Makhleb
Nemelex Xobeh
Okawaru
Qazlal
Ru
Sif Muna
Trog
Uskayaw
Vehumet
Xom
Yredelemnul
Zin
The Shining One
Jiyva
Lugonu

Shops:
D :[!(*:**(*[=[:?(%}*[?!

Annotations:
D exclusion: oklob plant, Tiamat


Innate Abilities, Weirdness & Mutations

You are very small and have problems with some larger weapons.
You are too small for most types of armour.
You have supernaturally acute eyesight. (SInv)
You are a herbivore.
You cover ground extremely quickly.
You need consume almost no food.


Message History

Casting: Dazzling Spray
Confirm with . or Enter, or press ? or * to list all spells.
Aiming: Dazzling Spray
Press: ? - help, Shift-Dir - straight line, f/p - Tiamat
Aim: Tiamat, wielding a demon trident of venom and wearing an opalescent scaly cloak (severely wounded, catching her breath, lightly drained, umbra)
The spray of energy hits Tiamat.
Tiamat is severely wounded.
Your shadow mimicks your spell!
The shadow shard hits Tiamat.
Tiamat barely misses you.
Casting: Dazzling Spray
Confirm with . or Enter, or press ? or * to list all spells.
Aiming: Ensorcelled Hibernation
Press: ? - help, Shift-Dir - straight line, f/p - Tiamat
Aim: Tiamat, wielding a demon trident of venom and wearing an opalescent scaly cloak (severely wounded, catching her breath, lightly drained, umbra, chance to defeat MR: 0%) Tiamat resists with almost no effort.
Your shadow mimicks your spell!
Tiamat resists with almost no effort.
Tiamat hits you from afar with a demon trident of venom!!!
Ouch! That really hurt!
You die...

#....§§§§#§#####$$$###....#
≈≈≈#
#...§§§§#§.#.).#####...####
≈≈≈
[...§§§≈####.........###
#≈≈≈≈
.....§§≈##.......#####
##≈≈≈ ...§§≈≈###......##
#'≈≈ .≈≈≈≈### #.....##
#####'####.....#
######∩∩###.########
∩∩∩∩∩∩∩###≈≈≈≈≈§@§d#
######## ##.########
#..0..+ #######


You could see Tiamat.

Vanquished Creatures
  A golden dragon (D)
  A shadow dragon (D)
  2 fire giants (D)
  A lorocyproca (D)
  2 centaur warriors (D)
  A hydra (D)
  Sonja (D)
  7 unseen horrors (D)
  A deep troll (D)
  A lindwurm (D)
  An oklob plant (D)
  8 shining eyes (D)
  2 sirens (D)
  A gargoyle (D)
  2 kobold demonologists (D)
  4 demonic crawlers (D)
  A hellwing (D)
  5 hornets (D)
  A slime creature (D)
  Sigmund (D)
  2 redbacks (D)
  A yak (D)
  13 hogs (D)
  7 floating eyes (D)
  7 necrophages (D)
  An ogre (D)
  8 jellies (D)
  Ijyb (D)
  2 ballistomycetes (D)
  A ballistomycete spore (D)
87 creatures vanquished.

Vanquished Creatures (others)
  A gargoyle (D)
  A ballistomycete spore (D)
2 creatures vanquished.

Grand Total: 89 creatures vanquished

Notes
Turn   | Place    | Note
-------+----------+-------------------------------------------
     0 | D        | poirepourri the Spriggan Enchanter began the quest for the Orb.
     0 | D        | Reached XP level 1. HP: 9/9 MP: 5/5
     4 | D        | Noticed Ijyb
     7 | D        | Killed Ijyb
     7 | D        | Reached skill level 6 in Stealth
     7 | D        | Reached skill level 5 in Hexes
     7 | D        | Reached XP level 2. HP: 13/13 MP: 5/7
    33 | D        | Learned a level 2 spell: Ensorcelled Hibernation
    33 | D        | Noticed an ogre
    49 | D        | Killed an ogre
    49 | D        | Reached skill level 5 in Dodging
    49 | D        | Reached skill level 8 in Stealth
    49 | D        | Reached XP level 3. HP: 13/16 MP: 6/10
    49 | D        | Reached XP level 4. HP: 17/21 MP: 6/11
   174 | D        | Learned a level 3 spell: Confuse
   178 | D        | Learned a level 3 spell: Tukima's Dance
   182 | D        | Learned a level 3 spell: Dazzling Spray
   185 | D        | Noticed Sigmund
   188 | D        | Killed Sigmund
   188 | D        | Reached skill level 11 in Stealth
   188 | D        | Reached skill level 10 in Hexes
   188 | D        | Reached XP level 5. HP: 25/25 MP: 11/14
   188 | D        | Reached XP level 6. HP: 29/29 MP: 12/16
   227 | D        | Found a deep blue altar of Sif Muna.
   229 | D        | Found a radiant altar of Vehumet.
   268 | D        | Found Hexov's Weapon Emporium.
   268 | D        | Found an ancient bone altar of Kikubaaqudgha.
   268 | D        | Found a hazy altar of Hepliaklqana.
   268 | D        | Found a stormy altar of Qazlal.
   268 | D        | Found a hide-covered altar of Uskayaw.
   268 | D        | Found a blossoming altar of Fedhas.
   268 | D        | Found a bloodstained altar of Trog.
   268 | D        | Found an iron altar of Okawaru.
   268 | D        | Found a basalt altar of Yredelemnul.
   268 | D        | Found a glowing golden altar of the Shining One.
   268 | D        | Found a snail-covered altar of Cheibriados.
   268 | D        | Found a sacrificial altar of Ru.
   268 | D        | Found a glowing silver altar of Zin.
   268 | D        | Found a shadowy altar of Dithmenos.
   268 | D        | Found a white marble altar of Elyvilon.
   268 | D        | Noticed a yak
   270 | D        | Killed a yak
   270 | D        | Reached skill level 12 in Stealth
   271 | D        | Found an opulent altar of Gozag.
   272 | D        | Found a sparkling altar of Nemelex Xobeh.
   280 | D        | Became a worshipper of Dithmenos the Shadowed
   292 | D        | Noticed Sonja
   296 | D        | Killed Sonja
   296 | D        | Reached skill level 1 in Fighting
   296 | D        | Reached skill level 15 in Stealth
   296 | D        | Reached skill level 1 in Ice Magic
   296 | D        | Reached XP level 7. HP: 33/33 MP: 16/19
   316 | D        | Found Qukereho's Book Boutique.
   441 | D        | Noticed a deep troll
   445 | D        | Killed a deep troll
   445 | D        | Reached skill level 5 in Short Blades
   445 | D        | Reached skill level 16 in Stealth
   445 | D        | Reached XP level 8. HP: 37/37 MP: 20/22
   457 | D        | Found Unuimpofu's Armour Emporium.
   462 | D        | Bought a +0 cloak for 63 gold pieces
   652 | D        | Found a burning altar of Makhleb.
   652 | D        | Found a viscous altar of Jiyva.
   652 | D        | Found a shimmering altar of Xom.
   652 | D        | Found a corrupted altar of Lugonu.
   652 | D        | Noticed a slime creature
   655 | D        | Killed a slime creature
   655 | D        | Reached * piety under Dithmenos
   688 | D        | Noticed a centaur warrior
   688 | D        | Noticed a centaur warrior
   690 | D        | Killed a centaur warrior
   690 | D        | Reached skill level 18 in Stealth
   690 | D        | Reached XP level 9. HP: 41/41 MP: 23/23
   692 | D        | Killed a centaur warrior
   692 | D        | Reached skill level 19 in Stealth
   692 | D        | Reached skill level 10 in Spellcasting
   704 | D        | Reached ** piety under Dithmenos
   716 | D        | Noticed an oklob plant
   718 | D        | Killed an oklob plant
   718 | D        | Reached skill level 10 in Dodging
   728 | D        | Reached skill level 20 in Stealth
   825 | D        | Noticed an unseen horror
   826 | D        | Noticed an unseen horror
   832 | D        | Killed an unseen horror
   832 | D        | Reached *** piety under Dithmenos
   832 | D        | Reached XP level 10. HP: 46/46 MP: 25/25
   834 | D        | Killed an unseen horror
   834 | D        | Reached skill level 21 in Stealth
   834 | D        | Reached skill level 15 in Hexes
   880 | D        | Reached **** piety under Dithmenos
   963 | D        | Reached ***** piety under Dithmenos
  1075 | D        | Reached skill level 22 in Stealth
  1083 | D        | Reached skill level 1 in Conjurations
  1090 | D        | Got an opalescent robe
  1101 | D        | Identified the cursed +0 robe of the Moon {+Inv rPois rF+ Int+2} (You found it in the Dungeon)
  1176 | D        | Found Sian's Assorted Antiques.
  1176 | D        | Found Ideimiad's General Store.
  1176 | D        | Found Nautoi's Antique Weapon Boutique.
  1178 | D        | Found Osey's General Store.
  1178 | D        | Found Butagoge's Antique Armour Shop.
  1178 | D        | Found Xuexapao's Jewellery Shoppe.
  1178 | D        | Found Yhewniv's Armour Boutique.
  1178 | D        | Found Wekes's Book Emporium.
  1178 | D        | Found Usuni's Magic Scroll Shop.
  1178 | D        | Found Bamoug's Weapon Shoppe.
  1180 | D        | Bought a scroll of enchant armour for 97 gold pieces
  1181 | D        | Bought a scroll of blinking for 157 gold pieces
  1181 | D        | Bought a notched wooden ring for 105 gold pieces
  1181 | D        | Bought a ruby ring for 105 gold pieces
  1183 | D        | Bought a yellow potion for 18 gold pieces
  1183 | D        | Bought a scroll of identify for 42 gold pieces
  1183 | D        | Bought a scroll of identify for 42 gold pieces
  1184 | D        | Found Mulecwoc's Food Boutique.
  1185 | D        | Bought a scroll of remove curse for 30 gold pieces
  1185 | D        | Found Achibbol's Assorted Antiques.
  1185 | D        | Found Halu's Gadget Boutique.
  1186 | D        | Bought a glowing cloak for 325 gold pieces
  1186 | D        | Found Emerph's Magic Scroll Emporium.
  1192 | D        | Bought a slice of pizza for 19 gold pieces
  1192 | D        | Bought a slice of pizza for 19 gold pieces
  1193 | D        | Bought a scroll of identify for 60 gold pieces
  1193 | D        | Bought a runed robe for 201 gold pieces
  1197 | D        | Bought a scroll of identify for 28 gold pieces
  1197 | D        | Bought a scroll of identify for 28 gold pieces
  1197 | D        | Bought a scroll of identify for 28 gold pieces
  1351 | D        | Reached ****** piety under Dithmenos
  1386 | D        | Noticed a shining eye
  1386 | D        | Noticed a shining eye
  1386 | D        | Noticed a shining eye
  1387 | D        | Noticed a shining eye
  1387 | D        | Noticed a shining eye
  1387 | D        | Noticed a shining eye
  1387 | D        | Noticed a shining eye
  1387 | D        | Noticed a shining eye
  1388 | D        | Killed a shining eye
  1388 | D        | Reached skill level 1 in Invocations
  1389 | D        | Killed a shining eye
  1391 | D        | Killed a shining eye
  1393 | D        | Killed a shining eye
  1393 | D        | Reached skill level 23 in Stealth
  1393 | D        | Reached XP level 11. HP: 51/51 MP: 15/28
  1395 | D        | Killed a shining eye
  1396 | D        | Killed a shining eye
  1398 | D        | Killed a shining eye
  1400 | D        | Killed a shining eye
  1407 | D        | Paralysed by a floating eye for 4 turns
  1417 | D        | Paralysed by a floating eye for 2 turns
  1423 | D        | Reached skill level 24 in Stealth
  1587 | D        | Found Neehic's Armour Shoppe.
  1587 | D        | Found Ushritt's General Store.
  1587 | D        | Found Letonkirph's Distillery.
  1587 | D        | Found Jaturani's Book Boutique.
  1595 | D        | Bought a potion of heal wounds for 65 gold pieces
  2258 | D        | Noticed a lorocyproca
  2260 | D        | Killed a lorocyproca
  2260 | D        | Reached skill level 10 in Short Blades
  2315 | D        | Noticed a lindwurm
  2317 | D        | Killed a lindwurm
  2317 | D        | Reached skill level 25 in Stealth
  2599 | D        | Noticed a daeva
  2602 | D        | Noticed an unseen horror
  2602 | D        | Noticed an unseen horror
  2602 | D        | Noticed an unseen horror
  2603 | D        | Noticed an unseen horror
  2605 | D        | Killed an unseen horror
  2606 | D        | Noticed an unseen horror
  2607 | D        | Killed an unseen horror
  2608 | D        | Killed an unseen horror
  2608 | D        | Reached skill level 26 in Stealth
  2608 | D        | Reached XP level 12. HP: 58/58 MP: 30/30
  3217 | D        | Noticed a fire giant
  3218 | D        | Noticed a fire giant
  3218 | D        | Noticed a fire giant
  3218 | D        | Noticed a fire giant
  3374 | D        | Noticed a 12-headed hydra
  3376 | D        | Killed a 12-headed hydra
  3451 | D        | Noticed a shadow dragon
  3451 | D        | Noticed a golden dragon
  3452 | D        | Killed a shadow dragon
  3452 | D        | Reached skill level 27 in Stealth
  3454 | D        | Killed a golden dragon
  3454 | D        | Reached skill level 15 in Spellcasting
  3454 | D        | Reached skill level 5 in Invocations
  3515 | D        | Got a faintly glowing morningstar
  3516 | D        | Identified the +11 morningstar of Slow Death {crush, rElec Str+3} (You found it in the Dungeon)
  3570 | D        | Found Tifen's Distillery.
  3587 | D        | Bought a potion of heal wounds for 50 gold pieces
  3587 | D        | Bought a potion of invisibility for 80 gold pieces
  3587 | D        | Bought a potion of cancellation for 80 gold pieces
  3619 | D        | Noticed a deep elf annihilator
  3621 | D        | Noticed a mummy priest
  3652 | D        | Killed a fire giant
  3741 | D        | HP: 1/58 [fire giant/great sword of flaming (7)]
  3746 | D        | Killed a fire giant
  3996 | D        | Noticed Tiamat
  4052 | D        | Annihilated by Tiamat

Skill      XL: |  1  2  3  4  5  6  7  8  9 10 11 12 |
---------------+-------------------------------------+-----
Stealth        | 6 8 11 15 16 18 20 23 26 27 | 27.0
Spellcasting   | 3 4 6 8 9 10 12 13 16 | 16.3
Hexes          | 5 8 10 12 13 14 15 16 18 | 18.7
Dodging        | 5 6 8 9 10 11 | 11.9
Short Blades   | 2 4 5 6 8 9 10 12 | 12.3
Fighting       | 1 2 4 |  4.1
Ice Magic      | 1 2 3 4 |  4.1
Conjurations   | 2 4 |  4.2
Invocations    | 1 2 7 |  7.2

Action                   |  1- 3 |  4- 6 |  7- 9 | 10-12 || total
-------------------------+-------+-------+-------+-------++-------
Melee: Dagger            |     4 |     4 |       |       ||     8
       Short sword       |       |       |    11 |   106 ||   117
 Cast: Ensorcelled Hiber |     1 |     1 |     1 |    28 ||    31
       Dazzling Spray    |       |       |       |    33 ||    33
       Confuse           |       |       |       |     4 ||     4
Invok: Shadow Step       |       |       |       |    14 ||    14
       Shadow Form       |       |       |       |     1 ||     1
 Abil: Evoke Flight      |       |       |       |     1 ||     1
Evoke: Wand              |       |       |     1 |     1 ||     2
  Use: Potion            |     1 |       |       |     2 ||     3
       Scroll            |       |       |     2 |     8 ||    10
 Stab: Sleeping          |     2 |     4 |     9 |    54 ||    69
       Confused          |       |       |       |     3 ||     3
       Invisible         |       |       |       |     4 ||     4
  Eat: Pizza             |       |       |       |     2 ||     2
Armor: Robe              |       |       |       |     2 ||     2
Dodge: Dodged            |     1 |       |     2 |    84 ||    87
